[ AOE2 MATCH · #495310707 ]
UnrankedChinese vs Magyars
Player's team · WIN
Rival team · LOSS
[ REPLAY ANALYSIS · EXTRACTED FROM THE RECORDED GAME ]
Feudal
10:02
Castle
—
Imperial
—
| APM avg | 66.0 |
| APM peak | 98 |
| eAPM avg | 11.9 |
| Villagers / military | 24 / 0 |
Focus
⚔️ 12.1% · 🌾 87.9%
Feudal
9:07
Castle
—
Imperial
—
| APM avg | 78.7 |
| APM peak | 134 |
| eAPM avg | 24.7 |
| Villagers / military | 34 / 1 |
Focus
⚔️ 43.0% · 🌾 57.0%
Scout Cavalry ×1
Match map
Initial resources + every placement click. Lines = walls · curves = elevation contours. ◆ gold · ⬟ stone · ● berries · ✦ relic · ◌ wall gap
Your base· Open — opponent sealed themselves in
Zionic's base· ✓ Closed at 12:00 · 54t walls · no gate
Smoothed initial terrain · ◌ = detected wall gap · hover for details
Inputs per minute
— OS | pilot - - Zionic
Build order — OS | pilot
45 actions detected in the replay
| 0:06 | Research | Loom |
| 0:43 | Create | Villager (Male) |
| 1:10 | Create | Villager (Male) |
| 1:36 | Create | Villager (Male) |
| 2:02 | Create | Villager (Male) |
| 2:25 | Create | Villager (Male) |
| 2:37 | Build | House |
| 2:38 | Build | House |
| 2:45 | Create | Villager (Male) |
| 3:03 | Create | Villager (Male) |
| 3:26 | Create | Villager (Male) |
| 3:26 | Create | Villager (Male) |
| 3:47 | Create | Villager (Male) |
| 3:49 | Create | Villager (Male) |
| 3:58 | Build | Mill |
| 4:35 | Create | Villager (Male) |
| 5:18 | Create | Villager (Male) |
| 6:03 | Create | Villager (Male) |
| 6:31 | Create | Villager (Male) |
| 6:31 | Create | Villager (Male) |
| 6:38 | Build | Lumber Camp |
| 6:51 | Build | House |
| 7:17 | Create | Villager (Male) |
| 7:38 | Build | House |
| 7:49 | Research | Feudal Age |
| 7:57 | Build | Mining Camp |
| 8:10 | Build | Farm |
| 9:29 | Create | Villager (Male) |
| 9:29 | Create | Villager (Male) |
| 9:39 | Build | Barracks |
| 10:02 | Age | Feudal Age |
| 10:05 | Research | Double-Bit Axe |
| 10:34 | Build | Blacksmith |
| 10:38 | Create | Villager (Male) |
| 10:41 | Build | Farm |
| 11:00 | Build | Farm |
| 11:17 | Create | Villager (Male) |
| 11:28 | Build | Farm |
| 11:32 | Create | Villager (Male) |
| 11:51 | Build | Farm |
| 11:59 | Build | Market |
| 12:03 | Create | Villager (Male) |
| 12:20 | Create | Villager (Male) |
| 13:10 | Research | Castle Age |
| 13:43 | Build | House |
Build order — Zionic
61 actions detected in the replay
| 0:00 | Create | Villager (Male) |
| 0:02 | Build | House |
| 0:02 | Build | House |
| 0:16 | Create | Villager (Male) |
| 0:24 | Create | Villager (Male) |
| 0:24 | Create | Villager (Male) |
| 1:28 | Create | Villager (Male) |
| 1:28 | Create | Villager (Male) |
| 2:01 | Create | Villager (Male) |
| 2:13 | Build | Lumber Camp |
| 2:23 | Create | Villager (Male) |
| 2:23 | Create | Villager (Male) |
| 2:39 | Build | House |
| 2:55 | Create | Villager (Male) |
| 2:55 | Create | Villager (Male) |
| 2:55 | Create | Villager (Male) |
| 3:14 | Create | Villager (Male) |
| 3:14 | Create | Villager (Male) |
| 3:38 | Create | Villager (Male) |
| 3:38 | Create | Villager (Male) |
| 4:04 | Create | Villager (Male) |
| 4:04 | Create | Villager (Male) |
| 4:04 | Create | Villager (Male) |
| 4:27 | Create | Villager (Male) |
| 4:56 | Create | Villager (Male) |
| 5:13 | Build | Mill |
| 5:24 | Create | Villager (Male) |
| 5:46 | Create | Villager (Male) |
| 5:46 | Research | Loom |
| 6:57 | Research | Feudal Age |
| 6:57 | Research | Feudal Age |
| 6:59 | Build | Lumber Camp |
| 7:56 | Build | Barracks |
| 8:01 | Build | House |
| 8:31 | Build | Palisade Wall |
| 8:51 | Create | Villager (Male) |
| 8:56 | Build | Palisade Wall |
| 9:03 | Create | Villager (Male) |
| 9:07 | Age | Feudal Age |
| 9:10 | Research | Double-Bit Axe |
| 9:20 | Build | House |
| 9:23 | Create | Villager (Male) |
| 9:29 | Build | Palisade Wall |
| 10:00 | Create | Villager (Male) |
| 10:02 | Build | Palisade Wall |
| 10:06 | Create | Villager (Male) |
| 10:15 | Build | Stable |
| 10:23 | Create | Villager (Male) |
| 10:27 | Build | Palisade Wall |
| 10:30 | Create | Villager (Male) |
| 10:36 | Build | House |
| 10:58 | Build | Farm |
| 11:06 | Research | Horse Collar |
| 11:32 | Build | Farm |
| 11:36 | Create | Villager (Male) |
| 11:52 | Create | Scout Cavalry |
| 12:02 | Build | Farm |
| 12:25 | Create | Villager (Male) |
| 12:41 | Create | Villager (Male) |
| 12:51 | Build | Archery Range |
| 12:54 | Create | Villager (Male) |
Match timeline
| 7:56 | Zionic · first_building Barracks |
| 8:31 | Zionic · wall_segment Palisade Wall x16 |
| 8:56 | Zionic · wall_segment Palisade Wall x11 |
| 9:07 | Zionic · age_up feudal |
| 9:29 | Zionic · wall_segment Palisade Wall x23 |
| 9:39 | OS | pilot · first_building Barracks |
| 10:02 | OS | pilot · age_up feudal |
| 10:02 | Zionic · wall_segment Palisade Wall x1 |
| 10:15 | Zionic · first_building Stable |
| 10:27 | Zionic · wall_segment Palisade Wall x4 |
| 12:51 | Zionic · first_building Archery Range |
| 13:02 | OS | pilot · first_market_sell 100 stone |
| 13:03 | OS | pilot · first_market_buy 100 food |
| 14:01 | Zionic · resign |
[ AI ANALYSIS · 1 CREDIT ]
What really happened in this match?
Wolo.gg analyzes every decision: build order, eco, micro, common mistakes by bracket. Personalized analysis on WhatsApp or Discord in 30 seconds.
Civ guide
Chinese
Perfil
OS | pilot